Map: Frozen Temple

Players

Kelazhur

  • Race: Terran Terran

Cyan - Winner!

  • Race: Protoss Protoss

Event: WCS Copa Intercontinental

VOD

Have the link to the VOD?

Description

Time

  • Played on: Sept. 10, 2016, 1:17 p.m.
  • Length: 14:25

All games in this series

Show
View Real Time Build Order
Export as new Build Order

Kelazhur Terran 

Build Orders: Cyclone Opening, Reaper Expand, MMM Bio 

Get SALT Encoding   

  12  0:00  SCV  
  13  0:12  SCV  
  14  0:17  Supply Depot  
  14  0:25  SCV  
  14  0:28  Refinery  
  15  0:39  SCV  
  16  0:44  Barracks  
  16  0:51  SCV  
  17  1:03  SCV  
  18  1:15  SCV  
  19  1:32  Reaper  
  20  1:33  Orbital Command  
  20  1:46  Command Center  
  20  1:55  Factory  
  20  1:58  SCV  
  21  2:05  Barracks Reactor  
  21  2:08  Supply Depot  
  21  2:11  SCV  
  22  2:20  Barracks  
  22  2:24  SCV  
  23  2:36  SCV  
  24  2:39  Barracks, Factory Tech Lab  
  24  2:42  Marine x2  
  26  2:48  SCV  
  27  2:58  Cyclone  
  27  3:01  Orbital Command  
  27  3:03  SCV  
  32  3:08  Marine  
  32  3:09  Marine  
  32  3:12  Marine  
  35  3:16  SCV  
  35  3:26  Marine  
  36  3:27  Marine  
  36  3:28  SCV  
  36  3:29  SCV  
  36  3:32  Marine  
  40  3:37  Marine, Stimpack  
  40  3:40  SCV  
  42  3:41  SCV  
  42  3:44  Supply Depot  
  42  3:48  Marine x2  
  44  3:50  Supply Depot, Marine  
  46  4:05  SCV x2  
  46  4:06  Marine x2, Marauder  
  52  4:12  Barracks Tech Lab  
  52  4:15  Supply Depot  
  52  4:17  SCV x2  
  52  4:22  Refinery  
  54  4:24  Refinery  
  54  4:27  Marine  
  54  4:28  Marine x2  
  54  4:29  SCV, Combat Shields  
  54  4:30  SCV, Marine  
  60  4:37  Supply Depot  
  60  4:42  SCV x2  
  62  4:47  Marine x2, Marauder, Engineering Bay  
  62  4:48  Marauder  
  68  4:54  SCV  
  67  5:05  SCV, Bunker  
  67  5:07  Marine x2  
  64  5:11  Marine  
  64  5:12  SCV  
  68  5:17  SCV  
  64  5:21  Factory Reactor, Starport  
  64  5:24  SCV, Marine  
  64  5:29  SCV  
  64  5:30  Marine, Marauder x2  
  64  5:35  Terran Infantry Weapons Level 1, Supply Depot x2  
  70  5:36  SCV  
  70  5:41  SCV  
  70  5:42  Marine  
  72  5:48  SCV  
  72  5:49  Concussive Shells  
  73  5:51  Marauder  
  73  5:52  Marauder  
  73  5:53  Marine  
  73  5:55  Supply Depot  
  73  5:56  SCV  
  79  5:57  Supply Depot  
  79  6:02  SCV  
  80  6:05  Marine  
  80  6:10  Command Center  
  80  6:11  Marine  
  82  6:12  Medivac  
  82  6:15  Medivac  
  86  6:20  Marauder x2  
  86  6:22  SCV  
  91  6:27  Factory Reactor  
  91  6:29  Missile Turret  
  91  6:30  SCV  
  91  6:31  Marine  
  91  6:32  Marine  
  94  6:33  Missile Turret  
  94  6:34  SCV  
  94  6:37  Refinery  
  95  6:42  SCV, Marauder  
  95  6:46  Medivac  
  100  6:50  Marauder  
  100  6:51  Marine  
  100  6:53  Marine  
  104  6:54  SCV  
  104  6:57  Medivac  
  104  7:00  Supply Depot  
  104  7:01  Supply Depot  
  107  7:03  Marauder  
  109  7:10  Marine  
  110  7:21  Widow Mine x2  
  110  7:22  SCV  
  115  7:23  Supply Depot  
  115  7:26  Marauder x2  
  115  7:27  Orbital Command  
  113  7:35  Marine x2  
  115  7:38  Terran Infantry Armor Level 1  
  115  7:39  SCV  
  115  7:40  Barracks  
  116  7:49  Marauder  
  116  7:50  Marauder  
  118  7:51  Liberator  
  116  7:59  Marine x2  
  116  8:00  Widow Mine  
  111  8:14  Marauder  
  112  8:20  Marauder  
  101  8:36  Marauder  
  101  8:39  SCV  
  101  8:41  Marauder  
  80  8:56  Marine  
  80  8:57  Marine  
  80  8:58  Marauder  
  82  9:07  Marauder  
  84  9:12  SCV x3  
  87  9:17  Refinery  
  87  9:18  Marine x2  
  87  9:19  Marine x2  
  91  9:24  SCV  
  91  9:26  Orbital Command  
  91  9:28  Marauder  
  91  9:29  Medivac  
  95  9:32  Medivac  
  95  9:34  SCV  
  95  9:35  Marine  
  95  9:36  Marine x2  
  95  9:37  Marine  
  101  9:46  Armory  
  101  9:49  SCV x2, Marine, Barracks  
  101  9:52  SCV  
  105  9:53  Marine x2  
  105  9:54  Liberator  
  105  9:59  Barracks Reactor  
  109  10:00  Marauder  
  109  10:01  SCV x2  
  109  10:02  Widow Mine x2  
  109  10:04  SCV  
  109  10:05  Supply Depot  
  116  10:07  Marauder  
  116  10:13  SCV x2  
  123  10:14  Marine, Refinery  
  123  10:15  Marine  
  123  10:16  SCV  
  123  10:20  Refinery  
  126  10:25  SCV x2  
  126  10:28  Marine, Marauder  
  125  10:32  Marine  
  118  10:37  SCV  
  108  10:45  Marine  
  108  10:46  Marine, Marauder  
  108  10:49  Marauder  
  96  10:50  Medivac  
  96  10:52  SCV  
  96  10:54  Medivac  
  82  11:08  Marauder  
  82  11:09  SCV x3  
  82  11:10  Marauder  
  81  11:13  Marine  
  81  11:16  Marine  
  83  11:22  Liberator, Marine x3  
  83  11:23  SCV  
  83  11:29  SCV, Marine  
  83  11:34  SCV  
  87  11:41  SCV  
  87  11:42  SCV, Liberator  
  87  11:47  SCV  
  90  11:49  Widow Mine  
  90  11:50  Widow Mine  
  90  11:54  SCV x2, Marine  
  100  12:06  SCV, Terran Infantry Weapons Level 2  
  101  12:10  Marine x3  
  101  12:13  SCV  
  105  12:20  SCV  
  105  12:22  Marine, Marauder  
  104  12:23  Widow Mine x2  
  104  12:27  Marauder  
  104  12:32  SCV  
  102  12:37  SCV  
  102  12:41  Marine  
  102  12:44  Marauder  
  106  13:18  Marine  
  105  13:20  SCV  
  105  13:24  Marine  
  95  13:37  Marine  
  95  13:38  Marine x2  
  95  13:40  Marine  
  58  13:56  Marine x6  
  58  13:58  SCV x3, Marine  
  56  14:10  SCV  
  56  14:11  SCV  
Show
View Real Time Build Order
Export as new Build Order

Cyan Protoss - Winner!

Build Orders: 1 Gate Expand 

Get SALT Encoding   

  12  0:01  Probe (Chrono Boost)  
  13  0:11  Probe (Chrono Boost)  
  14  0:17  Pylon  
  14  0:22  Probe (Chrono Boost)  
  15  0:36  Gateway, Probe (Chrono Boost)  
  16  0:43  Assimilator  
  16  0:46  Probe (Chrono Boost)  
  18  0:57  Probe (Chrono Boost)  
  18  1:07  Probe (Chrono Boost)  
  19  1:18  Probe (Chrono Boost)  
  20  1:25  Nexus  
  20  1:28  Probe (Chrono Boost)  
  21  1:36  Cybernetics Core  
  21  1:40  Probe (Chrono Boost)  
  21  1:46  Assimilator  
  22  1:52  Pylon  
  22  1:55  Probe (Chrono Boost)  
  23  2:06  Warp Gate  
  23  2:09  Adept  
  23  2:12  Probe (Chrono Boost)  
  26  2:20  Robotics Facility  
  26  2:25  Probe (Chrono Boost)  
  27  2:36  Probe (Chrono Boost), Adept  
  30  2:37  Probe (Chrono Boost)  
  31  2:47  Probe (Chrono Boost)  
  31  2:49  Probe (Chrono Boost)  
  33  2:58  Gateway, Probe (Chrono Boost)  
  34  3:00  Probe (Chrono Boost)  
  35  3:06  Gateway  
  35  3:10  Probe (Chrono Boost)  
  36  3:15  Observer  
  36  3:22  Probe x2 (Chrono Boost)  
  36  3:24  Adept  
  40  3:27  Pylon  
  43  3:34  Probe (Chrono Boost)  
  43  3:35  Mothership Core (Chrono Boost)  
  43  3:39  Warp Prism  
  43  3:46  Probe (Chrono Boost)  
  46  3:53  Pylon  
  46  3:55  Probe (Chrono Boost)  
  47  3:58  Probe (Chrono Boost)  
  48  4:07  Probe (Chrono Boost)  
  50  4:11  Probe (Chrono Boost)  
  50  4:13  Stalker x3  
  54  4:19  Probe (Chrono Boost)  
  54  4:20  Observer  
  54  4:22  Pylon  
  54  4:23  Probe (Chrono Boost)  
  57  4:25  Assimilator  
  57  4:27  Assimilator  
  58  4:31  Probe (Chrono Boost)  
  58  4:36  Probe (Chrono Boost)  
  58  4:37  Twilight Council  
  59  4:42  Adept  
  59  4:43  Stalker, Adept  
  66  4:47  Probe (Chrono Boost)  
  66  4:49  Probe (Chrono Boost)  
  66  4:51  Observer  
  66  4:52  Pylon  
  67  4:59  Probe x2 (Chrono Boost)  
  70  5:05  Blink  
  70  5:09  Pylon  
  70  5:11  Pylon  
  68  5:16  Probe (Chrono Boost)  
  68  5:17  Immortal  
  64  5:21  Probe (Chrono Boost)  
  69  5:28  Probe (Chrono Boost)  
  69  5:32  Sentry x2, Forge  
  73  5:37  Sentry  
  73  5:40  Pylon  
  73  5:41  Probe (Chrono Boost)  
  76  5:54  Immortal, Nexus  
  76  5:56  Pylon  
  80  6:07  Protoss Ground Weapons Level 1, Adept x3  
  86  6:13  Probe x2 (Chrono Boost)  
  86  6:18  Pylon  
  88  6:25  Probe x2 (Chrono Boost)  
  89  6:34  Observer  
  89  6:37  Probe (Chrono Boost)  
  89  6:39  Gateway  
  91  6:40  Gateway  
  91  6:41  Gateway  
  91  6:42  Stalker  
  91  6:44  Stalker  
  95  6:48  Stalker  
  95  6:51  Probe (Chrono Boost)  
  95  6:53  Resonating Glaives, Probe (Chrono Boost)  
  99  6:56  Pylon  
  99  6:58  Pylon  
  99  7:02  Observer  
  99  7:03  Probe (Chrono Boost)  
  99  7:06  Probe (Chrono Boost)  
  102  7:08  Photon Cannon  
  102  7:14  Probe (Chrono Boost)  
  103  7:19  Adept x3  
  109  7:27  Immortal  
  109  7:30  Pylon  
  115  7:37  Probe x2 (Chrono Boost)  
  115  7:41  Adept x5  
  125  7:47  Gateway x2  
  125  7:50  Probe (Chrono Boost)  
  126  7:57  Adept  
  126  8:01  Adept x3  
  128  8:08  Adept x2  
  125  8:19  Stalker  
  125  8:22  Probe x2 (Chrono Boost)  
  125  8:23  Probe (Chrono Boost)  
  125  8:24  Stalker x2  
  112  8:34  Probe (Chrono Boost), Adept x3  
  106  8:46  Adept x2  
  106  8:47  Adept  
  105  8:49  Probe (Chrono Boost)  
  105  8:50  Nexus  
  105  8:52  Probe (Chrono Boost)  
  106  8:57  Protoss Ground Weapons Level 2  
  106  8:58  Warp Prism  
  108  9:07  Stalker  
  108  9:08  Stalker  
  112  9:16  Mothership Core (Chrono Boost)  
  114  9:21  Templar Archives  
  114  9:22  Stalker  
  116  9:37  Pylon  
  112  9:39  Stalker x2  
  112  9:42  Stalker  
  118  9:47  Stalker  
  118  9:49  Stalker  
  122  9:53  Stalker  
  122  9:57  Observer  
  125  10:09  Assimilator  
  125  10:11  Assimilator, Probe x2 (Chrono Boost)  
  125  10:13  Adept x3  
  133  10:16  Adept  
  135  10:21  Stalker  
  129  10:41  Adept x5  
  129  10:43  Adept x2  
  119  10:50  Immortal  
  119  10:52  Stalker  
  123  11:01  Adept x5  
  123  11:03  Protoss Ground Weapons Level 3  
  110  11:04  Stalker x2  
  102  11:18  Probe (Chrono Boost)  
  103  11:22  Adept x4  
  111  11:26  Immortal  
  111  11:36  Sentry x2  
  115  11:40  Adept x2  
  117  11:53  Adept x2  
  119  11:54  Nexus  
  119  11:56  Pylon  
  119  12:03  Observer  
  119  12:04  Stalker x4  
  128  12:14  Stalker x2  
  132  12:17  Adept x2  
  132  12:36  High Templar  
  132  12:37  High Templar  
  128  12:40  Pylon  
  128  12:41  Archon  
  128  12:43  High Templar x2  
  132  12:48  Archon  
  132  12:49  Pylon, Adept x2  
  132  12:50  Adept x2  
  140  12:56  Pylon  
  140  12:57  Immortal  
  144  13:06  Adept  
  144  13:09  Adept  
  147  13:20  Stalker x2  
  147  13:25  Adept  
  143  13:33  Adept x3  
  145  13:38  Adept  
  145  13:39  Adept  
  149  13:43  Adept  
  151  13:54  Stalker x2  
  127  13:56  Stalker x2  
  127  14:01  Adept  
  123  14:03  High Templar x2  
  123  14:07  Archon  
  123  14:08  Adept  
Tags
 
Add a new tag
Caveats
  • Supply blocks, unpowered buildings, or Contaminate may cause inaccurate times.
  • Supply counts are checked every 10 seconds.